Map: 옥사이드 - 래더

Players

Stats - Winner!

  • Race: Protoss Protoss
  • Spawn Location: 1:00

Harstem

  • Race: Protoss Protoss
  • Spawn Location: 7:00

Event: StayAtHome Story Cup #3

VOD

Have the link to the VOD?

Description

Time

  • Played on: March 11, 2021, 7:19 a.m.
  • Length: 5:43

All games in this series

Show
View Real Time Build Order
Export as new Build Order

Stats Protoss - Winner!

Build Orders: Oracle Opening, Blink Stalkers 

Get SALT Encoding   

  12  0:00  Probe  
  13  0:14  Probe  
  14  0:18  Pylon  
  14  0:26  Probe (Chrono Boost)  
  15  0:38  Probe (Chrono Boost)  
  15  0:41  Gateway  
  16  0:47  Probe (Chrono Boost)  
  16  0:48  Assimilator  
  17  0:52  Probe (Chrono Boost)  
  18  0:57  Assimilator  
  18  1:04  Probe (Chrono Boost)  
  19  1:12  Pylon  
  19  1:13  Probe (Chrono Boost)  
  20  1:18  Probe  
  21  1:28  Cybernetics Core  
  21  1:31  Probe  
  22  1:37  Zealot  
  24  1:43  Probe  
  25  1:47  Pylon  
  25  1:55  Probe  
  26  2:04  Adept (Chrono Boost)  
  26  2:07  Stargate  
  28  2:16  Warp Gate  
  28  2:27  Stalker (Chrono Boost)  
  30  2:44  Nexus  
  30  2:53  Oracle  
  33  3:09  Probe  
  34  3:17  Twilight Council  
  34  3:19  Gateway  
  34  3:24  Probe  
  35  3:30  Pylon  
  35  3:36  Probe  
  34  3:45  Gateway  
  32  3:49  Probe  
  32  3:50  Blink (Chrono Boost)  
  33  4:03  Probe x2, Shield Battery  
  35  4:16  Stalker x2  
  36  4:17  Probe  
  36  4:18  Probe  
  38  4:25  Probe  
  38  4:30  Probe  
  40  4:34  Probe  
  41  4:40  Stalker x2  
  41  4:42  Probe, Sentry  
  48  4:46  Probe  
  48  4:50  Pylon  
  49  4:54  Probe  
  49  4:58  Probe  
  51  5:00  Forge  
  51  5:10  Stalker x2  
  51  5:11  Stalker  
  57  5:14  Probe  
  57  5:15  Probe  
  57  5:19  Assimilator  
  59  5:24  Gateway  
  59  5:32  Robotics Facility  
Show
View Real Time Build Order
Export as new Build Order

Harstem Protoss 

Build Orders: 1 Gate Expand 

Get SALT Encoding   

  12  0:00  Probe  
  13  0:12  Probe  
  14  0:19  Pylon  
  14  0:24  Probe  
  15  0:37  Probe (Chrono Boost)  
  15  0:39  Gateway  
  16  0:46  Probe (Chrono Boost), Assimilator  
  17  0:51  Probe (Chrono Boost)  
  17  0:55  Assimilator  
  18  1:03  Probe  
  19  1:27  Nexus  
  19  1:38  Cybernetics Core  
  19  1:41  Probe  
  20  1:49  Pylon  
  20  1:53  Probe  
  21  2:06  Probe  
  22  2:12  Pylon, Stalker (Chrono Boost)  
  24  2:25  Stargate  
  24  2:26  Probe  
  25  2:33  Stalker (Chrono Boost)  
  27  2:47  Gateway  
  27  2:53  Probe  
  27  2:55  Probe  
  28  3:03  Void Ray (Chrono Boost)  
  30  3:14  Probe  
  30  3:18  Probe  
  32  3:26  Probe  
  33  3:27  Pylon  
  33  3:30  Probe  
  34  3:38  Probe (Chrono Boost)  
  34  3:42  Probe (Chrono Boost)  
  34  3:50  Probe (Chrono Boost)  
  34  3:52  Probe (Chrono Boost)  
  36  3:55  Probe (Chrono Boost), Warp Gate  
  36  3:57  Probe (Chrono Boost), Stalker  
  40  4:06  Probe (Chrono Boost)  
  40  4:07  Pylon  
  40  4:09  Probe (Chrono Boost)  
  42  4:17  Twilight Council  
  42  4:23  Probe (Chrono Boost), Pylon  
  42  4:24  Probe (Chrono Boost)  
  44  4:28  Probe (Chrono Boost)  
  44  4:29  Probe (Chrono Boost)  
  44  4:30  Sentry  
  48  4:36  Shield Battery  
  48  4:40  Probe  
  48  4:41  Probe  
  48  4:43  Forge  
  50  4:52  Probe  
  51  4:53  Probe  
  52  5:03  Pylon  
  52  5:04  Probe  
  52  5:06  Probe  
  53  5:16  Probe  
  53  5:18  Probe  
  53  5:19  Gateway  
  53  5:21  Gateway  
  55  5:25  Assimilator  
  55  5:27  Pylon  
  56  5:30  Probe  
  57  5:41  Nexus  
Tags
 
Add a new tag
Caveats
  • Supply blocks, unpowered buildings, or Contaminate may cause inaccurate times.
  • Supply counts are checked every 10 seconds.